 Dungeon Crawl Stone Soup version 0.31.0-4-g52a2dc7128 (webtiles) character file.

Game seed: 18086964638654033277

30 zenocrate the Sneak (level 3, -2/16 HPs)
             Began as a Vine Stalker Enchanter on Jan 22, 2024.
             Slain by an adder (4 damage)
             ... on level 2 of the Dungeon.
             The game lasted 00:01:00 (1031 turns).

zenocrate the Sneak (Vine Stalker Enchanter)        Turns: 1031, Time: 00:01:01

Health: -2/16      AC:  2    Str: 10    XL:     3   Next: 20%
Magic:  0/7        EV: 12    Int: 15    God:
Gold:   99         SH:  0    Dex: 16    Spells: 1/6 levels left

rFire   . . .        a - +1 dagger
rCold   . . .        (no shield)
rNeg    . . .        b - +0 robe
rPois   .            (no helmet)
rElec   .            (no cloak)
rCorr   .            (no gloves)
SInv    .            (no boots)
Will    .....        (no amulet)
Stlth   +++          (no ring)
HPRegen 1.02/turn    (no ring)
MPRegen 0.10/turn

%: guardian spirit
@: very slightly contaminated
A: fangs 2, regeneration 1, magic shield, antimagic bite, no potion heal 2
a: no special abilities


You were on level 2 of the Dungeon.
You visited 1 branch of the dungeon, and saw 2 of its levels.

You collected 99 gold pieces.

Inventory:

Hand Weapons
 a - a +1 dagger (weapon)
Missiles
 f - 8 boomerangs (quivered)
Armour
 b - a +0 robe (worn)
Scrolls
 e - a scroll of teleportation {unknown}
 g - a scroll of immolation
Potions
 c - 2 potions of invisibility
 d - a potion of lignification
 h - a potion of attraction


   Skills:
 + Level 1.3 Short Blades
 + Level 0.3 Throwing
 + Level 1.9 Dodging
 + Level 4.0 Stealth
 - Level 2.1 Spellcasting
 + Level 3.2 Hexes
 + Level 0.5 Ice Magic


You had one spell level left.
You knew the following spells:

 Your Spells              Type           Power      Damage    Failure   Level
a - Ensorcelled Hibernat  Hex/Ice        14%        N/A       16%         2
b - Confusing Touch       Hex            11%        N/A       17%         3

Your spell library contained the following spells:

 Spells                   Type           Power      Damage    Failure   Level
 Tukima's Dance           Hex            11%        N/A       17%         3
 Dazzling Flash           Conj/Hex       12%        N/A       32%         3


Dungeon Overview and Level Annotations

Branches:
Dungeon (2/15)

Altars:


Innate Abilities, Weirdness & Mutations

You have extremely sharp teeth.
Your natural rate of healing is unusually fast.
When hurt, damage is shared between your health and your magic reserves.
Your bite disrupts and absorbs the magic of your enemies.
Potions cannot restore your health.


Message History

The adder resists with some effort.
You feel sick.
The adder bites you but does no damage. x2
Unknown command.
You hit the adder. Your bite misses the adder.
The adder is heavily wounded.
You feel sick. The adder bites you.
An adder is nearby!
You are too injured to fight recklessly!
Casting: Ensorcelled Hibernation (safe; 16% risk of failure)
Confirm with . or Enter, or press ? or * to list all spells.
Aiming: Ensorcelled Hibernation (safe; 16% risk of failure)
Press: ? - help, Shift-Dir - straight line, f/p - adder
Aim: an adder (heavily wounded, chance to affect: 50%)
You miscast Ensorcelled Hibernation.
You are very lightly contaminated with residual magic.
Nothing appears to happen.
You feel sick. The adder bites you.
Unknown command.
You hit the adder. Your bite misses the adder.
The adder is almost dead.
You feel sick. The adder closely misses you.
An adder is nearby!
Casting: Ensorcelled Hibernation (safe; 16% risk of failure)
Confirm with . or Enter, or press ? or * to list all spells.
Aiming: Ensorcelled Hibernation (safe; 16% risk of failure)
Press: ? - help, Shift-Dir - straight line, f/p - adder
Aim: an adder (almost dead, chance to affect: 50%)
The adder resists with some effort.
You feel sick. The adder closely misses you. The adder bites you.
* * * LOW HITPOINT WARNING * * *
You barely miss the adder. Your bite misses the adder.
The adder is almost dead.
You feel sick. The adder bites you.
* * * LOW HITPOINT WARNING * * *
Unknown command.
You closely miss the adder. Your bite misses the adder.
The adder is almost dead.
You feel sick.
You are no longer poisoned.
The adder bites you.
You die...

####### ......
....#.##....#
....#.##....#
#######.....#.##....#
.....##.....#.##S...#
†........###..##@...#
.........#..........#
.........#..........#
.........#.....$.####
<#.......#.......#
##....†..........#
#....)...........%#
#....#..#########..#
#....#.## #...


You could see an adder.

Vanquished Creatures
  2 dart slugs (D:2)
  A ribbon worm (D:2)
  A ball python (D:2)
  3 endoplasms
  A giant cockroach (D:1)
  4 goblins
  2 hobgoblins
  A quokka (D:2)
  3 frilled lizards
  2 kobolds (D:2)
  3 rats
23 creatures vanquished.

Notes
Turn   | Place    | Note
-------+----------+-------------------------------------------
     0 | D:1      | zenocrate the Vine Stalker Enchanter began the quest for
                  | the Orb.
     0 | D:1      | Reached XP level 1. HP: 9/9 MP: 4/4
    49 | D:1      | Reached skill level 1 in Short Blades
   132 | D:1      | Reached XP level 2. HP: 13/13 MP: 6/6
   135 | D:1      | Learned a level 2 spell: Ensorcelled Hibernation
   682 | D:2      | Reached skill level 4 in Stealth
   752 | D:2      | Found a faded altar of an unknown god.
   914 | D:2      | Reached XP level 3. HP: 16/16 MP: 7/7
   920 | D:2      | Learned a level 3 spell: Confusing Touch
  1031 | D:2      | Slain by an adder

Illustrated notes

Levels and vault maps discovered:
D:1:      minmay_arrival_open_corners, layout_basic
D:2:      minmay_door_path, layout_basic, ebering_ecumenical_altar_ruins,
          minivault_19

Skill      XL: |  1  2 |
---------------+-------+-----
Short Blades   | 1 |  1.3
Stealth        | 4 |  4.0
Throwing       | |  0.3
Dodging        | |  1.9
Spellcasting   | |  2.1
Hexes          | |  3.2
Ice Magic      | |  0.5

Action                     || total
---------------------------++-------
  Melee: Dagger            ||    69
         Bite              ||    16
         Punch             ||     1
   Cast: Ensorcelled Hiber ||     5
    Use: Scroll            ||     3
   Stab: Sleeping          ||     6
         Distracted        ||     1
 Armour: Robe              ||    32
  Dodge: Dodged            ||    36
